Map: Orbital Shipyard

Players

wabbajack

  • Race: Zerg Zerg
  • League: Gold

fraffman - Winner!

  • Race: Terran Terran
  • League: Bronze

VOD

Have the link to the VOD?

Description

Time

  • Played on: July 18, 2015, 4:04 p.m.
  • Length: 12:18
Show
View Real Time Build Order
Export as new Build Order

wabbajack Zerg 

Build Orders: Pool First 

Get SALT Encoding   

  12  0:01  Drone  
  13  0:13  Overlord  
  13  0:18  Drone  
  14  0:27  Extractor  
  14  0:28  Drone, Extractor  
  14  0:29  Drone  
  14  0:35  Drone  
  16  0:50  Spawning Pool  
  16  0:53  Drone  
  16  0:57  Drone  
  17  1:07  Drone  
  18  1:17  Overlord  
  18  1:28  Drone  
  19  1:37  Queen  
  19  1:38  Metabolic Boost  
  21  1:41  Zergling x2  
  22  2:08  Hatchery  
  21  2:15  Baneling Nest  
  20  2:16  Drone x2  
  20  2:18  Zergling x2  
  23  2:31  Pneumatized Carapace  
  23  2:40  Zergling x2  
  23  2:44  Overlord  
  24  2:50  Zergling x8  
  28  3:10  Baneling x2  
  28  3:12  Baneling  
  28  3:13  Baneling  
  28  3:25  Queen  
  30  3:29  Spine Crawler, Zergling x4  
  30  3:30  Drone  
  30  3:31  Drone x2  
  30  3:32  Zergling x2  
  31  4:52  Spine Crawler  
  30  5:00  Spine Crawler  
  30  5:02  Spine Crawler  
  30  5:03  Spine Crawler x2  
  30  5:04  Drone x7  
  30  5:05  Drone  
  30  5:06  Drone x4  
  38  5:07  Drone x2  
  38  5:08  Overlord  
  40  5:14  Lair  
  40  5:36  Roach Warren  
  37  5:50  Zergling x14  
  37  5:51  Zergling x10  
  48  6:04  Queen  
  49  6:25  Zergling x4  
  50  6:26  Zergling x2  
  50  6:29  Overlord  
  48  7:16  Baneling  
  48  7:17  Baneling x4  
  48  7:24  Hydralisk Den  
  48  7:25  Extractor  
  48  7:26  Extractor  
  48  7:27  Extractor x2  
  48  7:29  Drone  
  46  7:30  Drone x15  
  57  7:45  Hatchery  
  56  7:58  Hatchery  
  52  8:26  Queen  
  53  8:36  Overlord x4  
  53  8:37  Spore Crawler  
  52  8:44  Evolution Chamber  
  52  8:45  Evolution Chamber  
  50  8:50  Drone  
  50  8:51  Drone x4  
  50  8:52  Drone  
  50  8:55  Overlord x2  
  56  9:01  Roach  
  56  9:02  Roach x5  
  66  9:23  Lurker Den  
  65  9:36  Glial Reconstitution  
  65  9:42  Queen  
  65  9:44  Queen  
  69  9:46  Drone x3  
  69  9:47  Drone  
  69  9:48  Drone x8  
  81  9:56  Queen  
  83  10:16  Zerg Missile Weapons Level 1, Zerg Ground Armor Level 1  
  83  10:18  Overlord  
  83  10:19  Overlord  
  83  10:34  Spore Crawler  
  82  10:36  Spine Crawler  
  82  10:37  Spine Crawler  
  82  10:41  Spine Crawler, Queen  
  82  10:42  Drone x3  
  84  10:45  Drone x3  
  84  10:46  Drone x6  
  84  10:47  Drone, Extractor x2  
  84  10:49  Drone x2  
  95  10:50  Drone  
  95  10:51  Drone x3  
  98  11:08  Overlord  
  98  11:09  Overlord x3  
  96  11:21  Hydralisk  
  96  11:22  Hydralisk x7  
  96  11:25  Baneling x5  
  112  11:26  Baneling  
  78  12:03  Lurker x2  
Show
View Real Time Build Order
Export as new Build Order

fraffman Terran - Winner!

Build Orders: Reaper Expand 

Get SALT Encoding   

  12  0:01  SCV  
  13  0:13  SCV  
  14  0:18  Supply Depot  
  14  0:25  SCV  
  15  0:38  Supply Depot  
  15  0:45  Barracks  
  15  0:51  SCV  
  16  1:06  Supply Depot  
  16  1:07  SCV  
  17  1:13  Refinery  
  17  1:19  SCV  
  18  1:31  SCV  
  19  1:48  Command Center  
  20  1:54  Refinery  
  20  1:59  Orbital Command  
  19  2:11  Reaper  
  20  2:33  Barracks  
  20  2:35  SCV  
  20  2:36  Barracks  
  21  2:47  SCV  
  22  2:57  Reaper  
  23  2:59  SCV  
  23  3:05  Orbital Command  
  24  3:11  SCV  
  25  3:23  SCV  
  26  3:30  Reaper  
  27  3:39  Reaper x2  
  29  4:02  Reaper, Refinery  
  30  4:03  Refinery  
  30  4:07  Command Center  
  30  4:11  Reaper x2  
  21  4:17  SCV  
  21  4:29  SCV  
  15  4:34  Reaper  
  11  4:41  SCV  
  11  4:43  Reaper x2  
  12  4:54  SCV  
  13  5:06  SCV, Reaper  
  15  5:18  SCV  
  16  5:22  Orbital Command  
  16  5:26  SCV  
  17  5:30  SCV  
  18  5:38  SCV  
  18  5:42  SCV  
  20  5:50  SCV  
  20  5:54  SCV  
  22  5:59  Marine x3  
  22  6:02  SCV  
  26  6:06  SCV  
  27  6:14  SCV  
  27  6:17  Marine x2  
  30  6:26  SCV, Factory  
  30  6:28  SCV  
  30  6:31  Marine  
  33  6:35  Marine x2  
  33  6:38  SCV  
  36  6:40  SCV  
  37  6:49  Marine  
  37  6:50  SCV  
  37  6:52  SCV  
  40  7:02  SCV  
  40  7:05  SCV  
  42  7:14  SCV  
  43  7:17  SCV  
  44  7:29  SCV, Barracks Tech Lab  
  45  7:41  SCV  
  46  7:53  SCV  
  47  7:59  Barracks Tech Lab  
  47  8:00  Marine x2  
  47  8:05  SCV  
  50  8:08  Starport  
  50  8:18  Marine  
  50  8:19  Marauder  
  53  8:24  Orbital Command  
  51  8:30  Marauder  
  53  8:40  Marauder  
  56  8:45  Medivac  
  58  8:51  Marauder  
  58  8:52  Barracks Reactor  
  59  9:01  Marine  
  60  9:13  Marauder  
  61  9:19  Marauder  
  62  9:34  Marauder  
  62  9:37  Marine x2  
  66  9:40  Medivac  
  68  9:49  Supply Depot x2  
  68  9:50  Supply Depot  
  68  9:55  Marine  
  69  10:03  Engineering Bay  
  69  10:10  SCV, Medivac, Marine  
  69  10:11  Marauder x2  
  69  10:12  Marine  
  78  10:23  SCV, Supply Depot  
  78  10:24  Supply Depot  
  78  10:25  Supply Depot  
  78  10:26  Supply Depot  
  78  10:28  Marine  
  76  10:30  Marine  
  76  10:32  Marauder x2  
  76  10:35  SCV  
  81  10:46  Marine  
  81  10:47  SCV  
  81  10:48  Barracks, Marine  
  84  10:51  Barracks x2, Medivac  
  84  10:54  Marauder x2  
  90  10:59  SCV  
  90  11:04  Marine  
  91  11:06  Marine  
  93  11:15  Marauder x2  
  97  11:21  Marine, Medivac  
  97  11:24  Marine  
  101  11:36  Marauder x2  
  101  11:39  Marine  
  101  11:41  Marine  
  102  11:57  Marine x3  
  102  11:59  Marine  
Tags
 
Add a new tag
Caveats
  • Supply blocks, unpowered buildings, or Contaminate may cause inaccurate times.
  • Supply counts are checked every 10 seconds.